 Dungeon Crawl Stone Soup version 0.22-a0-525-gf69a080 (webtiles) character file.

548786 Mgcat the Axe Maniac (level 26, -1/232 HPs)
             Began as a Hill Orc Gladiator on June 21, 2018.
             Was the Champion of Makhleb.
             Splashed by an acid blob's acid (4 damage)
             ... on level 4 of the Pits of Slime.
             The game lasted 02:23:14 (45606 turns).

Mgcat the Axe Maniac (Hill Orc Gladiator)          Turns: 45606, Time: 02:23:15

Health: -1/232     AC: 31    Str: 28      XL:     26   Next: 79%
Magic:  27/29      EV: 15    Int: 16 (17) God:    Makhleb [******]
Gold:   3476       SH:  0    Dex: 14      Spells: 21/41 levels left

rFire    + + +     SeeInvis +   a - +12 executioner's axe of Zyevext {holy, rF+ Dex+2}
rCold    + . .     Gourm    .   (shield currently unavailable)
rNeg     + . .     Faith    +   I - +10 plate armour of Divine Intervention {Str+5}
rPois    +         Spirit   .   y - +2 helmet {Int+3}
rElec    .         Reflect  .   M - +2 cloak {rC+}
rCorr    +         Harm     .   s - +1 pair of gloves of the Heavens {rF++ Dex-3 Stlth+}
MR       +++..                  c - +2 pair of boots
Stlth    ..........             T - amulet "Teakihy" {Faith rN+ Int+3 Dex+2 SInv}
HPRegen  0.00/turn              S - ring "Puufec" {rCorr MR+ Slay+4}
MPRegen  0.21/turn              l - ring "Xakkin" {*Corrode +Inv rPois MR+}

@: corroded, regenerating
A: blurry vision 1, deterioration 1, low mp 2, inhibited regeneration, weak 1
}: 2/15 runes: decaying, gossamer
a: Minor Destruction, Lesser Servant of Makhleb, Major Destruction, Greater
Servant of Makhleb, Renounce Religion, Evoke Invisibility


You were on level 4 of the Pits of Slime.
You worshipped Makhleb.
Makhleb was exalted by your worship.
You were very full.

You visited 9 branches of the dungeon, and saw 48 of its levels.
You also visited: Ossuary, Ice Cave and Wizlab.

You collected 6446 gold pieces.
You spent 2970 gold pieces at shops.

Inventory:

Hand Weapons
 a - the +12 executioner's axe of Zyevext (weapon) {holy, rF+ Dex+2}
   (You found it on level 3 of the Elven Halls)

   It has been blessed by the Shining One to cause great damage to the undead
   and demons.
   It affects your dexterity (+2).
   It protects you from fire.
Missiles
 d - 7 throwing nets {=f, !d}
Armour
 c - a +2 pair of boots (worn)
   (You found it on level 3 of the Depths)
 h - a +2 cloak of poison resistance
   (You took it off Maurice on level 1 of the Orcish Mines)
 s - the +1 pair of gloves of the Heavens (worn) {rF++ Dex-3 Stlth+}
   (You found it on level 4 of the Swamp)

   It affects your dexterity (-3).
   It greatly protects you from fire.
   It makes you more stealthy.
 y - a +2 helmet of intelligence (worn)
   (You bought it in a shop on level 3 of the Vaults)
 I - the +10 plate armour of Divine Intervention (worn) {Str+5}
   (You found it on level 13 of the Dungeon)

   It affects your strength (+5).
 M - a +2 cloak of cold resistance (worn)
   (You found it in an ice cave)
Jewellery
 l - the ring "Xakkin" (right hand) {*Corrode +Inv rPois MR+}
   (You took it off a spriggan defender on level 3 of the Depths)

   [ring of poison resistance]

   It protects you from poison.
   It affects your resistance to hostile enchantments.
   It lets you turn invisible.
   It may corrode you when you take damage.
 B - an uncursed ring of protection from cold {rC+, !d}
   (You found it on level 1 of the Vaults)
 G - the ring of Patyqato {*Drain rElec rN++ MP+9 Int+2}
   (You found it on level 3 of the Elven Halls)

   [ring of intelligence]

   It affects your intelligence (+2).
   It insulates you from electricity.
   It greatly protects you from negative energy.
   It affects your magic capacity (+9).
   It causes draining when unequipped.
 S - the ring "Puufec" (left hand) {rCorr MR+ Slay+4}
   (You bought it in a shop on level 3 of the Elven Halls)

   [ring of resist corrosion]

   It affects your accuracy and damage with ranged weapons and melee attacks
   (+4).
   It affects your resistance to hostile enchantments.
 T - the amulet "Teakihy" (around neck) {Faith rN+ Int+3 Dex+2 SInv}
   (You found it in an ice cave)

   [amulet of faith]

   It allows you to gain divine favour quickly.
   It affects your intelligence (+3).
   It affects your dexterity (+2).
   It protects you from negative energy.
   It lets you see invisible.
Wands
 C - a wand of iceblast (56)
   (You found it on level 8 of the Dungeon)
 K - a wand of acid (11)
   (You found it on level 10 of the Dungeon)
 V - a wand of digging (51)
   (You found it on level 6 of the Dungeon)
Scrolls
 b - 5 scrolls of amnesia
 e - a scroll of fog
 i - 13 scrolls of fear
 m - 29 scrolls of remove curse
 p - a scroll of enchant armour
 q - 22 scrolls of teleportation
 u - a scroll of identify
 D - 4 scrolls of magic mapping {!r}
 N - 4 scrolls of summoning
 P - 8 scrolls of blinking {!r}
Potions
 k - 7 potions of ambrosia
 o - 4 potions of brilliance
 r - 2 potions of magic
 t - 4 potions of heal wounds
 v - 2 potions of might
 w - 21 potions of curing
 x - 4 potions of cancellation
 z - 3 potions of invisibility
 A - 12 potions of agility
 F - 22 potions of mutation {!q}
 Q - 5 potions of flight
 U - 2 potions of haste
Miscellaneous
 X - 2 phantom mirrors
Comestibles
 f - 66 rations


   Skills:
 + Level 18.1 Fighting
 O Level 27 Axes
 - Level 1.7 Throwing
 + Level 14.1 Armour
 + Level 12.7 Dodging
   Level 5.1 Shields
 - Level 8.0 Spellcasting
 + Level 14.5 Charms
 - Level 12.0 Necromancy
 + Level 1.8 Translocations
 + Level 12.6 Air Magic
 - Level 20.0 Invocations


You had 21 spell levels left.
You knew the following spells:

 Your Spells              Type           Power        Failure   Level  Hunger
a - Regeneration          Chrm/Necr      #####.....   1%          3    ##.....
b - Song of Slaying       Chrm           ######..     1%          2    None
c - Deflect Missiles      Chrm/Air       #####.....   38%         6    #######
d - Swiftness             Chrm/Air       #####...     1%          2    None
e - Borgnjor's Vile Clut  Necr/Erth      ####......   86%         5    #####..
f - Blink                 Tloc           N/A          45%         2    None

Your spell library contained the following spells:

 Spells                   Type           Power        Failure   Level  Hunger
 Cause Fear               Hex            #.........   100%        4    ####...
 Bolt of Fire             Conj/Fire      #.........   100%        6    #######
 Bolt of Cold             Conj/Ice       #.........   100%        6    #######
 Lightning Bolt           Conj/Air       ####......   83%         5    #####..
 Bolt of Magma            Conj/Fire/Erth #.........   100%        5    #####..
 Slow                     Hex            #.......     71%         2    None
 Freezing Cloud           Conj/Ice/Air   ###.......   100%        6    #######
 Mephitic Cloud           Conj/Pois/Air  ###.....     36%         3    ##.....
 Venom Bolt               Conj/Pois      #.........   100%        5    #####..
 Olgreb's Toxic Radiance  Pois           #.......     100%        4    ####...
 Teleport Other           Tloc           ##......     71%         3    ##.....
 Summon Small Mammal      Summ           #...         56%         1    None
 Bolt of Draining         Conj/Necr      ####......   86%         5    #####..
 Pain                     Necr           ####         1%          1    None
 Animate Skeleton         Necr           N/A          1%          1    None
 Freeze                   Ice            #...         56%         1    None
 Ozocubu's Refrigeration  Ice            #.........   100%        6    #######
 Summon Ice Beast         Ice/Summ       #.......     100%        4    ####...
 Call Imp                 Summ           #.......     71%         2    None
 Dispel Undead            Necr           #####...     14%         5    #####..
 Sting                    Conj/Pois      #...         56%         1    None
 Sublimation of Blood     Necr           #####.....   1%          2    None
 Corpse Rot               Necr           N/A          1%          2    None
 Iron Shot                Conj/Erth      #.........   100%        6    #######
 Stone Arrow              Conj/Erth      #.....       91%         3    ##.....
 Shock                    Conj/Air       ####         5%          1    None
 Agony                    Necr           #####...     14%         5    #####..
 Spider Form              Tmut/Pois      #.........   91%         3    ##.....
 Blade Hands              Tmut           #.........   100%        5    #####..
 Statue Form              Tmut/Erth      #........    100%        6    #######
 Ice Form                 Ice/Tmut       #.......     100%        4    ####...
 Dragon Form              Tmut           #.........   100%        7    #######
 Death Channel            Necr           #####.....   61%         6    #######
 Throw Icicle             Conj/Ice       #.......     100%        4    ####...
 Airstrike                Air            #####.....   4%          4    ####...
 Passwall                 Tmut/Erth      #.......     71%         2    None
 Ignite Poison            Fire/Tmut/Pois #.......     91%         3    ##.....
 Sticks to Snakes         Tmut           #.......     71%         2    None
 Call Canine Familiar     Summ           #.......     91%         3    ##.....
 Metabolic Englaciation   Hex/Ice        #.........   100%        5    #####..
 Silence                  Hex/Air        ####......   83%         5    #####..
 Static Discharge         Conj/Air       ####....     16%         3    ##.....
 Corona                   Hex            #......      56%         1    None
 Alistair's Intoxication  Tmut/Pois      #.......     100%        5    #####..
 Lee's Rapid Deconstruct  Erth           #.........   100%        5    #####..
 Sandblast                Erth           #.....       56%         1    None
 Simulacrum               Ice/Necr       ####......   100%        6    #######
 Conjure Ball Lightning   Conj/Air       ####......   100%        6    #######
 Excruciating Wounds      Chrm/Necr      #####.....   9%          5    #####..
 Portal Projectile        Hex/Tloc       #.....       83%         3    ##.....
 Petrify                  Tmut/Erth      #.......     100%        4    ####...
 Passage of Golubria      Tloc           N/A          98%         4    ####...
 Orb of Destruction       Conj           #.........   100%        7    #######
 Tornado                  Air            #####.....   100%        9    #######
 Leda's Liquefaction      Hex/Erth       #.........   100%        4    ####...
 Shroud of Golubria       Chrm/Tloc      ####......   3%          2    None
 Inner Flame              Hex/Fire       #.......     91%         3    ##.....
 Beastly Appendage        Tmut           #.....       56%         1    None
 Iskenderun's Battlesphe  Conj/Chrm      ####....     69%         5    #####..
 Force Lance              Conj/Tloc      #.......     99%         4    ####...
 Infusion                 Chrm           ####         1%          1    None
 Spectral Weapon          Hex/Chrm       ####....     11%         3    ##.....
 Summon Lightning Spire   Summ/Air       ####....     47%         4    ####...
 Summon Guardian Golem    Hex/Summ       #.......     91%         3    ##.....
 Spellforged Servitor     Conj/Summ      #.........   100%        7    #######
 Hydra Form               Tmut           #.........   100%        6    #######
 Irradiate                Conj/Tmut      #.........   100%        5    #####..
 Gell's Gravitas          Tloc           ##........   71%         3    ##.....
 Lesser Beckoning         Tloc           ##........   71%         3    ##.....
 Poisonous Vapours        Pois/Air       ####..       9%          2    None


Dungeon Overview and Level Annotations

Branches:
Dungeon (15/15)            Temple (0/1) D:6            Lair (6/6) D:11
  Swamp (4/4) Lair:3       Spider (4/4) Lair:2        Slime (5/5) Lair:5
    Orc (2/2) D:10            Elf (3/3) Orc:2        Vaults (4/5) D:14
  Crypt (0/3) Vaults:3     Depths (5/5) D:15            Zot (0/5) Depths:5

Altars:
Ashenzari
Cheibriados
Gozag
Kikubaaqudgha
Makhleb
Ru
Trog
Uskayaw
Vehumet
Yredelemnul
Beogh

Shops:
D:7 :   D:9 %   D:12 %   Orc:2 ?[}!   Elf:2 :   Elf:3 =!}   Vaults:3 [
Vaults:4 (:?=

Portals:
Hell: Depths:1 Depths:2 Depths:3 Depths:4 Depths:5
Abyss: Depths:4
Pandemonium: Depths:3

Annotations:
D:4 Edmund
Lair:3 3 runed doors, Vohil's ghost, journeyman MiFi
Slime:5 Royal Jelly
Depths:1 4 exclusions


Innate Abilities, Weirdness & Mutations

Scrolls take you a little longer to read.
Your body sometimes deteriorates upon taking damage.
Your magical capacity is very low. (-20% MP)
You do not regenerate when monsters are visible.
You are weak. (Str -2)


Message History

A slime creature comes into view.
An azure jelly comes into view.
Your magical effects are unravelling.
You feel magically purged.
You are no longer corroded.
The azure jelly quivers.
The slime creature quivers.
The acid blob hits you!!
You are splashed with acid!
The acid burns!
You resist.
The great orb of eyes bites you but does no damage.
You hear a distant "Zot"!
You slash the acid blob! The acid corrodes you!
Your hands burn!
The acid blob is severely wounded.
You slice the great orb of eyes!! You slice the acid blob!!
Your hands burn!
The acid blob barely misses you. The great orb of eyes misses you.
The acid blob hits you but does no damage.
Casting: Regeneration (safe; 1% risk of failure)
Confirm with . or Enter, or press ? or * to list all spells.
Your skin crawls.
The acid blob barely misses you.
The great orb of eyes bites you but does no damage.
The acid blob barely misses you.
A slime creature comes into view.
The slime creature quivers.
The acid blob barely misses you. The acid blob closely misses you.
The acid blob hits you!!
* * * LOW HITPOINT WARNING * * *
You are splashed with acid!
The acid burns!
You resist.
* * * LOW HITPOINT WARNING * * *
You slice the acid blob like a ripe choko!!!
You kill the acid blob!
Makhleb accepts your kill.
You feel better.
You slice the acid blob!!
Your hands burn!
You slice the acid blob!!
Your hands burn!
The acid blob hits you!
You are splashed with acid!
The acid burns!
You resist.
Two slime creatures merge to form a large slime creature.
Your plate armour of Divine Intervention prevents you from hitting the acid blob.
The acid blob is heavily wounded.
You slice the large slime creature!! You hit the acid blob.
Your hands burn!
* * * LOW HITPOINT WARNING * * *
You slice the azure jelly!!
The azure jelly hits you but does no damage.
The azure jelly closely misses you.
The azure jelly hits you but does no damage. x2
The acid blob hits you but does no damage.
The acid blob barely misses you.
You completely miss the acid blob.
The acid blob is heavily wounded.
You slice the large slime creature!! You chop the acid blob into pieces!!!
Your hands burn!
* * * LOW HITPOINT WARNING * * *
Your plate armour of Divine Intervention prevents you from hitting the azure jelly.
An acid blob comes into view.
Two slime creatures merge to form a very large slime creature.
The azure jelly completely misses you. The azure jelly misses you.
The azure jelly hits you but does no damage. x2
The acid blob hits you!
* * * LOW HITPOINT WARNING * * *
You are splashed with acid!
The acid burns!
You resist.
* * * LOW HITPOINT WARNING * * *
Your corrosive artefact corrodes you!
You slice the very large slime creature!!
The very large slime creature is heavily wounded.
You slash the acid blob!
Your hands burn!
* * * LOW HITPOINT WARNING * * *
You slice the azure jelly!! You hit the acid blob.
Your hands burn!
* * * LOW HITPOINT WARNING * * *
The acid blob spits acid at you. The splash of acid hits you! You resist.
You are splashed with acid!
The acid burns!
You resist.
* * * LOW HITPOINT WARNING * * *
A very large slime creature splits.
Unknown command.
Unknown command.
You feel much better. The acid blob hits you!
* * * LOW HITPOINT WARNING * * *
You are splashed with acid!
The acid burns!
You resist.
* * * LOW HITPOINT WARNING * * *
The azure jelly barely misses you. The azure jelly completely misses you.
The azure jelly closely misses you.
The azure jelly hits you but does no damage.
The acid blob spits acid at you. The splash of acid hits you!
You are splashed with acid!
The acid burns!
You resist.
* * * LOW HITPOINT WARNING * * *
The large slime creature hits you!
* * * LOW HITPOINT WARNING * * *
The acid blob hits you!
* * * LOW HITPOINT WARNING * * *
You are splashed with acid!
The acid burns!
You resist.
* * * LOW HITPOINT WARNING * * *
The slime creature hits you.
* * * LOW HITPOINT WARNING * * *
The azure jelly closely misses you.
The azure jelly hits you but does no damage. x3
Okay, then.
Unknown command.
Really read
P - 8 scrolls of blinking {!r}?
Really read with blurry vision while enemies are nearby?
The acid blob hits you!
* * * LOW HITPOINT WARNING * * *
You are splashed with acid!
The acid burns!
You resist.
You die...

...... .....
#.... #J..#
#.J.# #.GG#
####JJJ##
.##...J@J.###..
.......>.......
.##.......###..
##.#.....#
##...#.##
##..### ##.#
#.# ...


You could see 3 acid blobs, an azure jelly, a great orb of eyes, a large slime
creature, 2 slime creatures and a shining eye.

Vanquished Creatures
  Mara (Swamp:3)
  An ancient lich (Depths:3)
  2 juggernauts
  the Lernaean hydra (Swamp:4)
  Bai Suzhen (Vaults:3)
  A caustic shrike (Depths:2)
  A bone dragon (Depths:5)
  4 golden dragons
  A mutant beast (WizLab)
  3 liches
  Asterion (Spider:3)
  2 deep elf master archers (Elf:3)
  A deep elf blademaster (Elf:3)
  6 acid blobs
  2 sphinxes
  Agnes (Elf:1)
  5 shadow dragons
  A tengu reaver (Depths:5)
  3 thorn hunters
  A storm dragon (Depths:4)
  Roxanne (Elf:1)
  3 azure jellies
  3 ghost moths
  8 fire giants
  8 deep elf sorcerers
  A balrug (Depths:4)
  An orc warlord (Vaults:4)
  5 frost giants
  6 emperor scorpions
  Aizul (Depths:2)
  2 spriggan defenders (Depths:3)
  13 vault wardens
  A draconian shifter (Depths:5)
  A juggernaut zombie (Depths:2)
  42 very ugly things
  18 stone giants
  A draconian annihilator (Depths:5)
  3 deep elf elementalists
  13 ironheart preservers
  4 vampire knights
  An entropy weaver (Spider:4)
  2 deep elf demonologists (Elf:3)
  A yellow draconian (Depths:5)
  Azrael (Orc:2)
  A purple draconian (Depths:5)
  A white draconian (Depths:5)
  2 black draconians (Depths:5)
  A red draconian (Depths:5)
  5 deep elf annihilators (Elf:3)
  7 spark wasps
  2 blizzard demons (IceCv)
  2 crystal guardians (Vaults:4)
  A dire elephant (shapeshifter) (Depths:3)
  Snorg (D:12)
  2 deep elf death magi
  10 ettins
  7 fire dragons
  4 jiangshi
  Josephine (Spider:1)
  19 yaktaur captains
  12 vault guards
  12 great orbs of eyes
  4 deep elf high priests
  Fannar (Lair:2)
  6 ice dragons
  5 rakshasas
  Erolcha (Orc:2)
  A catoblepas (D:13)
  9 hydras
  15 centaur warriors
  A ghost crab (Swamp:4)
  5 spriggan air magi
  The ghost of Viatejaf the Grappler, a novice DDMo of Cheibriados (D:9)
  17 ogre magi
  A death knight (Vaults:4)
  Erica (D:11)
  6 death scarabs (Spider:4)
  19 alligators
  49 two-headed ogres
  24 dancing weapons
  12 deep troll earth magi
  A vampire mage (Depths:3)
  6 tengu warriors
  11 deep troll shamans
  A titan zombie (Depths:2)
  A storm dragon zombie (Depths:3)
  8 skeletal warriors
  An iron golem (WizLab)
  A soul eater (Depths:3)
  3 spriggan berserkers
  A titan skeleton (Depths:1)
  2 sun demons (Depths:4)
  21 deep elf knights
  A fire crab (shapeshifter) (Vaults:4)
  A salamander mystic (Depths:5)
  5 hell knights
  4 iron trolls (Depths:4)
  3 flayed ghosts
  Nergalle (Orc:2)
  An unseen horror (Vaults:1)
  8 glowing orange brains
  4 unseen horrors (shapeshifter)
  30 deep trolls
  A shadow demon (Depths:3)
  A spectral emperor scorpion (Spider:4)
  A sea snake (Lair:6)
  7 swamp dragons
  15 ironbrand convokers
  2 wizards
  2 spectral wolf spiders (Spider:4)
  A swamp dragon (shapeshifter) (Vaults:2)
  15 deep elf archers
  2 harpies (shapeshifter) (WizLab)
  4 shambling mangroves
  16 orc knights
  6 necromancers
  3 wolf spider zombies
  3 lindwurms
  87 deep elf magi
  A harpy (Lair:6)
  An orb spider (shapeshifter) (WizLab)
  57 ugly things
  4 salamanders (Depths:5)
  5 cyclopes
  A tengu skeleton (Depths:3)
  11 orc sorcerers
  A shining eye (Slime:2)
  12 orb spiders
  27 wolf spiders
  A sphinx skeleton (Depths:2)
  3 moths of wrath
  A fire giant zombie (Depths:3)
  A salamander (shapeshifter) (Vaults:1)
  A black mamba (shapeshifter) (WizLab)
  10 elephants
  A fire giant skeleton (Depths:2)
  An ice statue (IceCv)
  A rust devil (Depths:3)
  10 vault sentinels
  2 torpor snails
  Maurice (Orc:1)
  A spiny frog (shapeshifter) (Depths:4)
  3 black mambas
  A gargoyle (D:10)
  2 spriggan skeletons (Depths:2)
  2 centaur zombies (D:9)
  3 orange demons (Depths:3)
  6 centaur skeletons
  A rime drake (Lair:6)
  7 spectral redbacks (Spider:4)
  22 spiny frogs
  2 redback zombies (Spider:4)
  3 efreet
  A kobold demonologist (D:14)
  42 yaktaurs
  11 demonic crawlers
  2 elves (WizLab)
  11 komodo dragons
  3 freezing wraiths
  3 komodo dragons (shapeshifter) (WizLab)
  2 yaktaurs (shapeshifter)
  4 ice devils (IceCv)
  2 anaconda simulacra (IceCv)
  3 golden dragon simulacra
  A queen bee (shapeshifter) (Vaults:1)
  25 jumping spiders
  A meliai (shapeshifter) (WizLab)
  2 polar bears (Lair:6)
  3 polar bears (shapeshifter)
  2 tengu conjurers
  9 trolls
  A troll (shapeshifter) (WizLab)
  53 slime creatures
  A wind drake (shapeshifter) (WizLab)
  25 hornets
  3 spectral jumping spiders (Spider:4)
  A wind drake (Lair:6)
  2 hornets (shapeshifter) (WizLab)
  2 blink frogs (shapeshifter) (WizLab)
  2 jumping spider zombies (Spider:4)
  7 hippogriffs
  18 blink frogs
  An ice dragon zombie (Depths:1)
  10 tyrant leeches
  A sphinx simulacrum (Depths:2)
  7 bog bodies
  3 spectral tarantellas (Spider:4)
  A stone giant simulacrum (Vaults:3)
  A dream sheep (shapeshifter) (WizLab)
  A human simulacrum (Vaults:3)
  A frost giant simulacrum (Vaults:3)
  9 small abominations (WizLab)
  A spriggan zombie (Depths:2)
  A shapeshifter (WizLab)
  A tarantella zombie (Spider:4)
  3 air elementals
  A redback (shapeshifter) (WizLab)
  A spriggan (shapeshifter) (WizLab)
  4 centaur simulacra
  74 redbacks
  7 spriggans
  2 shadows
  12 wyverns
  A vampire (D:13)
  7 large abominations (WizLab)
  A hog (shapeshifter) (Vaults:3)
  3 basilisks
  8 water elementals
  4 wraiths
  A tarantella (shapeshifter) (Depths:1)
  28 tarantellas
  5 fire elementals
  A basilisk (shapeshifter) (WizLab)
  A fire dragon skeleton (Depths:1)
  Eustachio (D:6)
  4 humans (WizLab)
  A golden eye (shapeshifter) (WizLab)
  36 yaks
  A human (shapeshifter) (WizLab)
  A steam dragon (D:12)
  5 vampire mosquitoes
  A tengu zombie (Depths:1)
  19 swamp worms
  2 iron troll simulacra (IceCv)
  2 death yak simulacra (IceCv)
  A hungry ghost (D:11)
  13 insubstantial wisps
  4 wargs
  3 harpy simulacra (IceCv)
  A soldier ant (D:13)
  5 hydra simulacra (IceCv)
  A swamp worm (shapeshifter) (WizLab)
  4 hell hounds
  2 acid dragons
  A water moccasin (shapeshifter) (Vaults:4)
  A porcupine (shapeshifter) (WizLab)
  8 water moccasins
  8 porcupines
  6 floating eyes
  4 spectral hornets (Spider:4)
  52 orc warriors
  10 swamp drakes
  2 eyes of draining
  2 phantoms
  A sky beast (D:7)
  4 ice beasts
  A black bear (shapeshifter) (WizLab)
  2 ettin simulacra
  2 hornet zombies (Spider:4)
  3 boggarts (Depths:4)
  6 wolves
  40 ogres
  13 crocodiles
  3 centaurs
  A bullfrog (shapeshifter) (D:13)
  3 big kobolds
  12 bullfrogs
  A wyvern zombie (D:8)
  6 earth elementals
  3 wyvern skeletons
  5 water moccasin zombies (Ossuary)
  4 scorpions
  2 elephant simulacra (IceCv)
  24 wights
  6 electric eels
  10 howler monkeys
  7 crimson imps
  A draconian simulacrum (IceCv)
  3 quasits
  13 jellies
  9 hounds
  38 orc wizards
  21 orc priests
  A bullfrog skeleton (D:10)
  5 iguanas
  6 hell rats (Lair:4)
  2 spriggan simulacra
  11 worker ants
  A polar bear simulacrum (IceCv)
  6 troll simulacra (IceCv)
  A wolf simulacrum (IceCv)
  A big kobold zombie (Ossuary)
  2 hound zombies
  3 mummies
  3 gnolls (D:7)
  A howler monkey skeleton (D:8)
  2 naga simulacra (IceCv)
  14 adders
  2 ogre simulacra
  2 shadow imps
  8 white imps (IceCv)
  9 ufetubi (IceCv)
  8 oozes
  8 adder zombies
  2 adder skeletons (D:10)
  2 worms (D:3)
  2 dart slugs
  6 leopard geckos
  141 orcs
  2 ball pythons (D:4)
  3 giant cockroaches
  4 gnoll zombies (Ossuary)
  9 goblins
  14 hobgoblins
  5 jackals
  5 quokkas
  9 bats
  10 kobolds
  5 kobold zombies (Ossuary)
  A leopard gecko skeleton (D:7)
  A leopard gecko zombie (D:5)
  7 orc zombies
  A quokka zombie (D:5)
  2 rats
  A plant (Lair:6)
2151 creatures vanquished.

Vanquished Creatures (collateral kills)
  A juggernaut (Depths:2)
  Nikola (Spider:3)
  A tentacled monstrosity (Depths:2)
  2 deep elf blademasters (Elf:3)
  A sphinx (Depths:2)
  A storm dragon (Depths:2)
  A deep elf elementalist (Elf:3)
  A dire elephant (Lair:6)
  3 deep elf annihilators (Elf:3)
  A jiangshi (Depths:2)
  A deep elf high priest (Elf:3)
  A rakshasa (Depths:2)
  A merfolk avatar (Lair:6)
  An ice dragon (Depths:2)
  8 hydras
  2 death scarabs (Spider:4)
  An alligator (Swamp:1)
  2 swamp dragons (Swamp:4)
  A spriggan druid (Swamp:4)
  A flayed ghost (Depths:2)
  2 deep elf archers
  A deep elf mage (Elf:3)
  A shining eye (Slime:4)
  A frost giant zombie (Depths:1)
  A centaur zombie (D:13)
  A spiny frog (Lair:6)
  A komodo dragon (Lair:6)
  2 tyrant leeches
  A raiju (shapeshifter) (Depths:2)
  2 bog bodies
  2 slime creatures (Swamp:3)
  3 swamp drakes (Swamp:4)
  A necrophage (D:12)
  A centaur (Depths:1)
  A bullfrog (Lair:5)
  A bullfrog zombie (D:12)
  An orc priest (D:13)
  An orc wizard (D:13)
  A worker ant (D:13)
  A kobold (D:13)
58 creatures vanquished.

Vanquished Creatures (others)
  A tengu reaver (Vaults:3)
  A vampire mage (Depths:2)
  A spriggan druid (Swamp:4)
  An ironbrand convoker (Vaults:4)
  A lindwurm (Swamp:4)
  2 deep elf magi (Elf:2)
  A rime drake (Lair:5)
  An ogre (Depths:4)
  An orc priest (Orc:1)
  An iguana (D:14)
  An orc wizard (Orc:2)
  43 fungi
  54 plants
109 creatures vanquished.

Grand Total: 2318 creatures vanquished

Notes
Turn   | Place    | Note
-------+----------+-------------------------------------------
     0 | D:1      | Mgcat the Hill Orc Gladiator began the quest for the Orb.
     0 | D:1      | Reached XP level 1. HP: 18/18 MP: 1/1
   279 | D:1      | Reached XP level 2. HP: 22/25 MP: 2/2
   452 | D:1      | Reached skill level 5 in Axes
   750 | D:2      | Reached XP level 3. HP: 24/30 MP: 3/3
   876 | D:2      | Reached skill level 6 in Axes
  1263 | D:2      | Reached XP level 4. HP: 37/37 MP: 4/4
  1495 | D:2      | Found a burning altar of Makhleb.
  1495 | D:2      | Found a faded altar of an unknown god.
  1501 | D:2      | Found a hide-covered altar of Uskayaw.
  1503 | D:2      | Found an opulent altar of Gozag.
  1504 | D:2      | Found a faded altar of an unknown god.
  1521 | D:2      | Became a worshipper of Makhleb the Destroyer
  1856 | D:3      | Reached skill level 7 in Axes
  1858 | D:3      | HP: 8/37 [orc priest/trident (7)]
  1863 | D:3      | Reached XP level 5. HP: 8/42 MP: 5/5
  2744 | D:4      | Noticed Edmund
  2780 | D:4      | HP: 10/42 [poisoned by Edmund]
  2785 | D:3      | HP: 6/42 [poisoned by Edmund]
  2791 | D:3      | HP: 4/42 [poisoned by Edmund]
  2797 | D:3      | HP: 2/42 [poisoned by Edmund]
  2805 | D:3      | HP: 2/42 [poisoned by Edmund]
  3233 | D:4      | Reached skill level 8 in Axes
  3435 | D:4      | Reached * piety under Makhleb
  3435 | D:4      | Reached XP level 6. HP: 42/50 MP: 6/6
  3501 | D:4      | Reached skill level 9 in Axes
  3737 | D:5      | Entered Level 5 of the Dungeon
  3874 | D:5      | Reached skill level 10 in Axes
  3908 | D:5      | Reached XP level 7. HP: 46/56 MP: 7/7
  4391 | D:6      | Reached skill level 11 in Axes
  4410 | D:6      | Found a staircase to the Ecumenical Temple.
  4412 | D:6      | Noticed Eustachio
  4446 | D:6      | Killed Eustachio
  4446 | D:6      | Reached XP level 8. HP: 20/62 MP: 8/8
  4447 | D:6      | Reached skill level 12 in Axes
  4449 | D:6      | HP: 15/62 [wight/morningstar (5)]
  4493 | D:6      | Reached ** piety under Makhleb
  4666 | D:6      | Found a burning altar of Makhleb.
  4666 | D:6      | Noticed a balrug
  4669 | D:6      | Noticed an orange demon
  4669 | D:6      | Noticed a hellwing
  4705 | D:6      | Reached skill level 13 in Axes
  4833 | D:6      | Found a sand-covered staircase.
  4839 | Ossuary  | Entered an ossuary
  4916 | Ossuary  | Reached skill level 14 in Axes
  4941 | Ossuary  | Reached *** piety under Makhleb
  4941 | Ossuary  | Reached skill level 3 in Fighting
  4951 | Ossuary  | Reached XP level 9. HP: 69/71 MP: 9/9
  4967 | Ossuary  | Reached skill level 4 in Fighting
  5296 | D:7      | Reached skill level 5 in Fighting
  5371 | D:7      | Reached skill level 1 in Armour
  5378 | D:7      | Found Qopadoats's Book Shoppe.
  5448 | D:7      | Found a snail-covered altar of Cheibriados.
  5461 | D:7      | Reached skill level 2 in Armour
  5489 | D:7      | Reached skill level 3 in Armour
  5570 | D:7      | Reached skill level 4 in Armour
  5618 | D:7      | Reached skill level 5 in Armour
  5875 | D:7      | Got a warped trident
  6305 | D:8      | Reached skill level 3 in Dodging
  6339 | D:8      | Reached skill level 4 in Dodging
  6424 | D:8      | Reached **** piety under Makhleb
  6424 | D:8      | Reached skill level 5 in Dodging
  6454 | D:8      | Reached skill level 1 in Shields
  6454 | D:8      | Reached XP level 10. HP: 55/81 MP: 10/10
  6514 | D:8      | Reached skill level 2 in Shields
  6646 | D:8      | Reached skill level 3 in Shields
  6691 | D:8      | Reached skill level 4 in Shields
  6879 | D:9      | Found Rerusem's Food Shop.
  6895 | D:9      | Noticed a two-headed ogre
  6901 | D:9      | Reached skill level 5 in Shields
  6906 | D:9      | Reached skill level 1 in Invocations
  6910 | D:9      | Killed a two-headed ogre
  6910 | D:9      | Reached skill level 5 in Invocations
  7014 | D:9      | Reached skill level 6 in Invocations
  7031 | D:9      | Found a bloodstained altar of Trog.
  7045 | D:9      | Noticed a two-headed ogre
  7058 | D:9      | Killed a two-headed ogre
  7058 | D:9      | Reached skill level 7 in Invocations
  7059 | D:9      | Reached skill level 8 in Invocations
  7103 | D:9      | Found a runed gate.
  7104 | D:9      | Found a runed gate.
  7104 | D:9      | Found a runed gate.
  7106 | D:9      | Noticed Viatejaf's ghost (novice DDMo)
  7122 | D:9      | Found a shattered altar of Ashenzari.
  7225 | D:9      | Identified a scroll of acquirement
  7579 | D:10     | Entered Level 10 of the Dungeon
  7692 | D:10     | Reached XP level 11. HP: 85/86 MP: 17/17
  7752 | D:10     | Reached skill level 15 in Axes
  7941 | D:10     | Reached ***** piety under Makhleb
  8397 | D:10     | Found a staircase to the Orcish Mines.
  8805 | D:11     | Found a staircase to the Lair.
  9003 | D:11     | Noticed Erica
  9006 | D:11     | Reached skill level 16 in Axes
  9016 | D:11     | Killed Erica
  9075 | Lair:1   | Entered Level 1 of the Lair of Beasts
  9100 | Lair:1   | Noticed a four-headed hydra
  9111 | D:11     | HP: 19/86 [four-headed hydra (3)]
  9116 | D:11     | HP: 17/86 [poisoned by a water moccasin]
  9122 | D:11     | HP: 17/86 [poisoned by a water moccasin]
  9130 | D:11     | HP: 17/86 [poisoned by a water moccasin]
  9594 | Lair:1   | Reached skill level 17 in Axes
 10548 | Lair:1   | Learned a level 3 spell: Regeneration
 10551 | Lair:1   | Learned a level 2 spell: Song of Slaying
 10788 | Lair:2   | Reached skill level 18 in Axes
 11071 | Lair:2   | Reached XP level 12. HP: 87/94 MP: 15/18
 11282 | Lair:2   | Noticed Fannar
 11301 | Lair:2   | Killed Fannar
 11340 | Lair:2   | Found a hole to the Spider Nest.
 11559 | Lair:3   | Found a staircase to the Swamp.
 11571 | Lair:3   | Reached skill level 19 in Axes
 11613 | Lair:3   | Found a sacrificial altar of Ru.
 11662 | Lair:3   | Noticed Vohil's ghost (journeyman MiFi)
 11663 | Lair:3   | Noticed an eight-headed hydra
 12142 | Lair:3   | Found a runed gate.
 12142 | Lair:3   | Found a runed gate.
 12143 | Lair:3   | Found a runed gate.
 12643 | Lair:4   | Reached skill level 20 in Axes
 12706 | Lair:4   | Reached skill level 6 in Fighting
 12786 | Lair:4   | Reached skill level 7 in Fighting
 13185 | Lair:5   | Reached skill level 8 in Fighting
 13212 | Lair:5   | Reached skill level 9 in Fighting
 13296 | Lair:5   | Found a staircase to the Slime Pits.
 13307 | Lair:5   | Reached XP level 13. HP: 109/112 MP: 17/19
 13331 | Lair:5   | Reached skill level 10 in Fighting
 13423 | Lair:5   | Reached skill level 9 in Invocations
 14051 | Lair:6   | Entered Level 6 of the Lair of Beasts
 14105 | Lair:6   | Reached skill level 10 in Invocations
 14121 | Lair:6   | Reached skill level 1 in Necromancy
 14172 | Lair:6   | Reached skill level 1 in Charms
 14207 | Lair:6   | Reached skill level 1 in Spellcasting
 14239 | Lair:6   | Reached skill level 2 in Necromancy
 14267 | Lair:6   | Reached skill level 2 in Charms
 14341 | Lair:6   | Reached skill level 2 in Spellcasting
 14402 | Lair:6   | Reached skill level 3 in Necromancy
 14409 | Lair:6   | Reached skill level 3 in Charms
 14777 | Lair:6   | Reached skill level 4 in Necromancy
 14809 | Lair:6   | Got a slimy robe
 14821 | Lair:6   | Reached skill level 3 in Spellcasting
 14876 | Lair:6   | Reached skill level 4 in Charms
 14957 | Lair:6   | Noticed a dire elephant
 14972 | Lair:6   | Killed a dire elephant
 14975 | Lair:6   | Reached skill level 5 in Necromancy
 15231 | Lair:6   | Reached skill level 4 in Spellcasting
 15524 | Lair:6   | Reached skill level 5 in Charms
 15524 | Lair:6   | Reached XP level 14. HP: 115/121 MP: 19/21
 15721 | D:9      | Killed Viatejaf's ghost
 15803 | Orc:1    | Entered Level 1 of the Orcish Mines
 15803 | Orc:1    | Noticed Maurice
 15858 | Orc:1    | Killed Maurice
 15896 | Orc:1    | Paralysed by an orc sorcerer for 7 turns
 15903 | Orc:1    | HP: 25/121 [troll[an orc knight] (7)]
 15907 | Orc:1    | Reached skill level 6 in Necromancy
 15909 | Orc:1    | Reached skill level 6 in Charms
 15909 | Orc:1    | Reached skill level 5 in Spellcasting
 16276 | Orc:2    | Entered Level 2 of the Orcish Mines
 16285 | Orc:2    | Reached ****** piety under Makhleb
 16493 | Orc:2    | Found a staircase to the Elven Halls.
 16642 | Orc:2    | Noticed Azrael
 16662 | Orc:2    | Killed Azrael
 16665 | Orc:2    | Paralysed by an orc sorcerer for 6 turns
 16668 | Orc:2    | HP: 15/122 [orc sorcerer/bolt of negative energy (29)]
 16698 | Orc:2    | HP: 5/122 [orc sorcerer/bolt of fire (23)]
 17452 | Orc:2    | Gained mutation: Your magical capacity is low. (-10% MP) [a neqoxec]
 17627 | Orc:2    | Found Riomol's Magic Scroll Shoppe.
 17634 | Orc:2    | Bought a scroll of brand weapon for 260 gold pieces
 17634 | Orc:2    | Bought a scroll of enchant armour for 97 gold pieces
 17649 | Orc:2    | Found a radiant altar of Vehumet.
 17654 | Orc:2    | Noticed Erolcha
 17665 | Orc:2    | Killed Erolcha
 17665 | Orc:2    | Reached skill level 7 in Necromancy
 17677 | Orc:2    | Found Laulot's Antique Armour Emporium.
 17686 | Orc:2    | Noticed Nergalle
 17695 | Orc:2    | Reached skill level 7 in Charms
 17703 | Orc:2    | Killed Nergalle
 17703 | Orc:2    | Reached skill level 11 in Fighting
 17715 | Orc:2    | Bought a spiked scale mail for 333 gold pieces
 17733 | Orc:2    | Identified the cursed +0 scale mail of the Hills {rC+ Str+3} (You bought it in a shop on level 2 of the Orcish Mines)
 17759 | Orc:2    | Found an ancient bone altar of Kikubaaqudgha.
 17794 | Orc:2    | Found a roughly hewn altar of Beogh.
 17794 | Orc:2    | Found Ysishob's Gadget Emporium.
 17831 | Orc:2    | Found Rined's Distillery.
 18332 | D:12     | Found a roughly hewn altar of Beogh.
 18500 | D:12     | Noticed Snorg
 18614 | D:12     | Killed Snorg
 18774 | D:12     | Found Hejavo's Food Shoppe.
 18779 | D:12     | Reached skill level 8 in Necromancy
 18888 | D:13     | Reached skill level 8 in Charms
 19181 | D:13     | Reached XP level 15. HP: 129/130 MP: 14/20
 19484 | D:13     | Got a distressingly furry plate armour
 19495 | D:13     | Identified the +10 plate armour of Divine Intervention {Str+5} (You found it on level 13 of the Dungeon)
 19651 | D:13     | Reached skill level 6 in Armour
 19901 | D:14     | Learned a level 6 spell: Deflect Missiles
 20172 | D:14     | Found a gate to the Vaults.
 20239 | D:14     | Reached skill level 6 in Dodging
 20316 | D:14     | Reached skill level 7 in Armour
 20726 | D:15     | Entered Level 15 of the Dungeon
 20829 | D:15     | Reached skill level 12 in Fighting
 20990 | D:15     | Found a staircase to the Depths.
 21498 | Swamp:1  | Entered Level 1 of the Swamp
 21665 | Swamp:1  | Reached skill level 8 in Armour
 21765 | Swamp:1  | Reached skill level 7 in Dodging
 22062 | Swamp:1  | Reached XP level 16. HP: 124/141 MP: 16/21
 22393 | Swamp:2  | Reached skill level 21 in Axes
 22455 | Swamp:2  | Reached skill level 13 in Fighting
 22766 | Swamp:2  | Reached skill level 9 in Armour
 23162 | Swamp:3  | Noticed a thorn hunter
 23163 | Swamp:3  | Paralysed by a hornet for 3 turns
 23184 | Swamp:3  | Killed a thorn hunter
 23369 | Swamp:3  | Noticed Mara
 23383 | Swamp:3  | Noticed Mgcat's illusion
 23410 | Swamp:3  | Killed Mara
 23410 | Swamp:3  | Reached skill level 8 in Dodging
 23825 | Swamp:4  | Entered Level 4 of the Swamp
 23846 | Swamp:4  | Found a frozen archway.
 23860 | IceCv    | Entered an ice cave
 24045 | IceCv    | Got a sparkling brass ring
 24063 | IceCv    | Identified the ring of Paheife {-Tele Str+6 Stlth+} (You found it in an ice cave)
 24297 | IceCv    | Reached skill level 10 in Armour
 24476 | IceCv    | Reached skill level 14 in Fighting
 24538 | IceCv    | Got a twitching pewter amulet
 24572 | IceCv    | Identified the amulet "Teakihy" {Faith rN+ Int+3 Dex+2 SInv} (You found it in an ice cave)
 24668 | Swamp:4  | Noticed a thorn hunter
 24689 | Swamp:4  | Killed a thorn hunter
 24867 | Swamp:4  | Reached XP level 17. HP: 98/152 MP: 19/22
 24870 | Swamp:4  | Noticed the 27-headed Lernaean hydra
 24892 | Swamp:4  | HP: 32/154 [spriggan rider/spear (11)]
 24898 | Swamp:4  | HP: 32/154 [five-headed hydra[a spriggan druid] (11)]
 25381 | Swamp:4  | Reached skill level 9 in Dodging
 25424 | Swamp:4  | Killed the 27-headed Lernaean hydra
 25730 | Swamp:4  | Reached skill level 22 in Axes
 25987 | Swamp:4  | Got a pair of faintly humming gloves
 25998 | Swamp:4  | Identified the +1 pair of gloves of the Heavens {rF++ Dex-3 Stlth+} (You found it on level 4 of the Swamp)
 26038 | Swamp:4  | Reached skill level 12 in Invocations
 26038 | Swamp:4  | Reached XP level 18. HP: 161/161 MP: 22/24
 26039 | Swamp:4  | Reached XP level 19. HP: 168/168 MP: 22/25
 26069 | Swamp:4  | Got a decaying rune of Zot
 26429 | Spider:1 | Entered Level 1 of the Spider Nest
 26700 | Spider:1 | Reached skill level 15 in Fighting
 26724 | Spider:1 | Found the +10 dark maul {crush}
 26776 | Spider:1 | Reached skill level 13 in Invocations
 26824 | Spider:1 | Noticed Josephine
 26834 | Spider:1 | Killed Josephine
 27263 | Spider:2 | Reached skill level 23 in Axes
 27855 | Spider:3 | Noticed Asterion
 27871 | Spider:3 | Gained mutation: Your body sometimes deteriorates upon taking damage. [a cacodemon]
 27872 | Spider:3 | Killed Asterion
 27872 | Spider:3 | Reached skill level 10 in Dodging
 28210 | Spider:3 | Reached skill level 14 in Invocations
 28254 | Spider:3 | Noticed Nikola
 28276 | Spider:3 | Killed Nikola
 29210 | Spider:4 | Entered Level 4 of the Spider Nest
 29264 | Spider:4 | Reached XP level 20. HP: 154/178 MP: 26/27
 29594 | Spider:4 | Reached skill level 15 in Invocations
 29826 | Spider:4 | Reached skill level 24 in Axes
 30374 | Spider:4 | Reached skill level 25 in Axes
 30414 | Spider:4 | Got a gossamer rune of Zot
 30693 | Vaults:1 | Entered Level 1 of the Vaults
 30970 | Vaults:1 | Reached skill level 26 in Axes
 31068 | Vaults:1 | Reached skill level 16 in Invocations
 31226 | Vaults:1 | Reached XP level 21. HP: 183/184 MP: 29/29
 31380 | Vaults:1 | Paralysed by an ogre mage for 3 turns
 31386 | Vaults:1 | Reached skill level 17 in Invocations
 31811 | Vaults:1 | Reached skill level 18 in Invocations
 31928 | Vaults:1 | Reached skill level 1 in Air Magic
 31957 | Vaults:2 | Paralysed by an ogre mage for 4 turns
 31999 | Vaults:2 | Reached skill level 2 in Air Magic
 32171 | Vaults:2 | Reached skill level 9 in Necromancy
 32171 | Vaults:2 | Reached skill level 3 in Air Magic
 32315 | Vaults:2 | Reached skill level 6 in Spellcasting
 32422 | Vaults:2 | Reached skill level 9 in Charms
 32592 | Vaults:2 | Reached skill level 4 in Air Magic
 33557 | Vaults:3 | Got a crude plate armour
 33558 | Vaults:3 | Identified the +4 plate armour of the Raven {rF++ Stlth-} (You found it on level 3 of the Vaults)
 33591 | Vaults:3 | Noticed Bai Suzhen
 33599 | Vaults:3 | Killed Bai Suzhen
 33599 | Vaults:3 | Reached XP level 22. HP: 187/192 MP: 31/31
 33805 | Vaults:3 | Reached skill level 10 in Necromancy
 33918 | Vaults:3 | Reached skill level 5 in Air Magic
 33936 | Vaults:3 | Reached skill level 7 in Spellcasting
 34120 | Vaults:3 | Found Hutiamev's Antique Armour Shoppe.
 34135 | Vaults:3 | Bought a runed helmet for 247 gold pieces
 34291 | Vaults:3 | Reached skill level 10 in Charms
 34331 | Vaults:3 | Found a staircase to the Crypt.
 34331 | Vaults:3 | Found an ancient bone altar of Kikubaaqudgha.
 34332 | Vaults:3 | Found a basalt altar of Yredelemnul.
 34656 | Vaults:4 | Found Upparis's Book Shop.
 34728 | Vaults:4 | Found Dyraminyr's Jewellery Emporium.
 34740 | Vaults:4 | Reached skill level 6 in Air Magic
 34861 | Vaults:4 | Reached skill level 11 in Necromancy
 34972 | Vaults:4 | Found Viuminoa's Antique Weapon Shoppe.
 35029 | Vaults:4 | Reached skill level 8 in Spellcasting
 35049 | Vaults:4 | Paralysed by an ogre mage for 2 turns
 35089 | Vaults:4 | Reached skill level 11 in Charms
 35089 | Vaults:4 | Reached skill level 7 in Air Magic
 35282 | Vaults:4 | Found Yriobul's Magic Scroll Shoppe.
 35290 | Vaults:4 | Bought a scroll of enchant weapon for 157 gold pieces
 35659 | Depths:1 | Entered Level 1 of the Depths
 35725 | Depths:1 | Found a gateway to Hell.
 35736 | Depths:1 | Reached XP level 23. HP: 188/199 MP: 32/32
 35871 | Depths:1 | Reached skill level 12 in Necromancy
 36089 | Depths:1 | Reached skill level 8 in Air Magic
 36458 | Depths:1 | Got an ichor-stained buckler
 36655 | Depths:1 | Noticed an ancient lich
 37029 | Depths:2 | Noticed a golden dragon
 37029 | Depths:2 | Noticed a caustic shrike
 37029 | Depths:2 | Noticed a juggernaut
 37039 | Depths:2 | Noticed a golden dragon
 37049 | Depths:2 | Killed a caustic shrike
 37050 | Depths:2 | Killed a juggernaut
 37050 | Depths:2 | Reached skill level 12 in Charms
 37056 | Depths:2 | Killed a golden dragon
 37056 | Depths:2 | Reached skill level 9 in Air Magic
 37058 | Depths:2 | Killed a golden dragon
 37287 | Depths:2 | Reached skill level 10 in Air Magic
 37288 | Depths:2 | Noticed Aizul
 37304 | Depths:2 | Killed Aizul
 37547 | Depths:2 | HP: 32/199 [titanic slime creature (70)]
 38133 | Depths:3 | Noticed a juggernaut
 38146 | Depths:3 | Killed a juggernaut
 38146 | Depths:3 | Reached XP level 24. HP: 189/207 MP: 29/32
 38249 | Depths:3 | Found a one-way gate leading to the halls of Pandemonium.
 38517 | Depths:3 | Paralysed by a vampire knight for 3 turns
 38559 | Depths:3 | Reached skill level 11 in Armour
 38570 | Depths:3 | Noticed an ancient lich
 38578 | Depths:3 | Killed an ancient lich
 38680 | Depths:3 | Identified the Disquisition on Necromancy
 38840 | Depths:3 | Got an ancient turquoise ring
 39119 | Depths:3 | Identified the ring "Xakkin" {*Corrode +Inv rPois MR+} (You took it off a spriggan defender on level 3 of the Depths)
 39213 | Depths:4 | Reached skill level 16 in Fighting
 39293 | Depths:4 | Gained mutation: You are weak. (Str -2) [a cacodemon]
 39295 | Depths:4 | Reached skill level 11 in Dodging
 39295 | Depths:4 | Reached skill level 19 in Invocations
 39335 | Depths:4 | Reached skill level 11 in Air Magic
 39336 | Depths:4 | Reached skill level 13 in Charms
 39442 | Depths:4 | Got a faintly glowing leather armour
 39488 | Depths:4 | Found a burning altar of Makhleb.
 39625 | Depths:4 | Reached XP level 25. HP: 201/216 MP: 32/32
 39726 | Depths:4 | Found a one-way gate to the infinite horrors of the Abyss.
 40147 | Depths:5 | Entered Level 5 of the Depths
 40216 | Depths:5 | Noticed a juggernaut
 40231 | Depths:5 | Reached skill level 12 in Armour
 40240 | Depths:5 | Killed a juggernaut
 40566 | Depths:5 | Found a gate to the Realm of Zot.
 41055 | Elf:1    | Entered Level 1 of the Elven Halls
 41091 | Elf:1    | Reached skill level 27 in Axes
 41093 | Elf:1    | Noticed Roxanne
 41150 | Elf:1    | Killed Roxanne
 41162 | Elf:1    | Identified Roxanne's Almanac of Shape Shifting (You took it off Roxanne on level 1 of the Elven Halls)
 41542 | Elf:1    | Noticed Agnes
 41556 | Elf:1    | Killed Agnes
 41639 | Elf:1    | Identified the Disquisition on Damage Dealing
 41842 | Elf:2    | Reached skill level 17 in Fighting
 42025 | Elf:2    | Found Zaitraw's Book Shop.
 42037 | Elf:2    | Bought a book of Air for 595 gold pieces
 42040 | Elf:2    | Learned a level 2 spell: Swiftness
 42046 | Elf:2    | Learned a level 5 spell: Borgnjor's Vile Clutch
 42321 | Elf:2    | Found a runed gate.
 42321 | Elf:2    | Found a runed gate.
 42325 | Elf:2    | Found a runed gate.
 42522 | Elf:2    | Reached skill level 20 in Invocations
 42664 | Elf:2    | Reached skill level 12 in Dodging
 42664 | Elf:2    | Reached XP level 26. HP: 228/228 MP: 32/33
 42672 | Elf:2    | Reached skill level 13 in Armour
 42947 | Elf:3    | Entered Level 3 of the Elven Halls
 42960 | Elf:3    | Reached skill level 12 in Air Magic
 43000 | Elf:3    | Found a magical portal.
 43022 | WizLab   | Entered Cigotuvi's Fleshworks
 43087 | WizLab   | Reached skill level 14 in Charms
 43289 | WizLab   | Paralysed by a floating eye for 3 turns
 43296 | WizLab   | Paralysed by a floating eye for 4 turns
 43306 | WizLab   | Paralysed by a floating eye for 2 turns
 43311 | WizLab   | Paralysed by a floating eye for 2 turns
 43348 | WizLab   | Paralysed by a floating eye for 3 turns
 43375 | WizLab   | Got a twitching tin amulet
 43626 | WizLab   | Identified Xaretot's Volume of Transmutation
 43630 | WizLab   | Identified Cigotuvi's Tome of Transformation and Black Magic
 44090 | Elf:3    | Found Echueg's Jewellery Shoppe.
 44094 | Elf:3    | Found Ijiomyd's Distillery.
 44095 | Elf:3    | Found Ycsozu's Gadget Shoppe.
 44098 | Elf:3    | Bought the ring "Puufec" {rCorr MR+ Slay+4} for 741 gold pieces
 44104 | Elf:3    | Bought a potion of heal wounds for 60 gold pieces
 44104 | Elf:3    | Bought a potion of haste for 120 gold pieces
 44104 | Elf:3    | Bought a potion of agility for 48 gold pieces
 44104 | Elf:3    | Bought a potion of agility for 48 gold pieces
 44104 | Elf:3    | Bought a potion of agility for 48 gold pieces
 44104 | Elf:3    | Bought a potion of cancellation for 96 gold pieces
 44104 | Elf:3    | Bought a potion of haste for 120 gold pieces
 44106 | Elf:3    | Identified the amulet "Licupuw" {rF+ MR+ Regen+ Str-4 Int+3} (You found it in a wizard's laboratory)
 44814 | Elf:3    | Got a translucent plate armour
 44817 | Elf:3    | Identified the Collected Works on Weightlessness and Combat Magic
 44822 | Elf:3    | Got a warped cloak
 44848 | Elf:3    | Identified the +1 plate armour of Tenacity {*Slow MR+ MP+9 Int+2} (You found it on level 3 of the Elven Halls)
 44888 | Elf:3    | Identified the cursed -2 cloak of the Poles {-Tele Dex+7} (You found it on level 3 of the Elven Halls)
 44918 | Elf:3    | Learned a level 2 spell: Blink
 44931 | Elf:3    | Got ichor-stained storm dragon scales
 44935 | Elf:3    | Got a brightly glowing robe
 44942 | Elf:3    | Identified the Disquisition on Congealing Flight
 44950 | Elf:3    | Got a sparkling iron ring
 44953 | Elf:3    | Identified the ring of Patyqato {*Drain rElec rN++ MP+9 Int+2} (You found it on level 3 of the Elven Halls)
 44954 | Elf:3    | Identified the +1 storm dragon scales of Melancholy {rElec rN+ MP+9 Int-2} (You found it on level 3 of the Elven Halls)
 44983 | Elf:3    | Got a smoking executioner's axe
 44995 | Elf:3    | Identified the +12 executioner's axe of Zyevext {holy, rF+ Dex+2} (You found it on level 3 of the Elven Halls)
 45068 | Elf:3    | Identified the Volume of Envenoming and Transmigration
 45371 | Slime:1  | Entered Level 1 of the Pits of Slime
 45396 | Slime:2  | Reached skill level 18 in Fighting
 45401 | Slime:2  | Gained mutation: Your magical capacity is very low. (-20% MP) [a shining eye]
 45404 | Slime:2  | Gained mutation: Scrolls take you a little longer to read. [a shining eye]
 45440 | Slime:4  | Reached skill level 1 in Translocations
 45455 | Slime:5  | Entered Level 5 of the Pits of Slime
 45473 | Slime:5  | Reached skill level 14 in Armour
 45578 | Slime:5  | Noticed the Royal Jelly
 45588 | Slime:4  | Gained mutation: You do not regenerate when monsters are visible. [a shining eye]
 45600 | Slime:4  | HP: 56/232 [acid blob (18)]
 45605 | Slime:4  | HP: 56/232 [acid blob (7)]
 45605 | Slime:4  | HP: 21/232 [acid blob (12)]
 45606 | Slime:4  | HP: 3/232 [acid blob (11)]
 45606 | Slime:4  | Splashed by an acid blob's acid

Vault maps used:
D:1:      dpeg_arrival_stone_temple_mockup
D:2:      chequers_temple_overflow_minitemple, minmay_tromino_v2
D:3:      nrook_loot_triangle
D:4:      first_ration, corexii_corridor_pit, uniq_edmund
D:6:      minmay_temple_entry_grid, nicolae_ossuary_entry_giza,
          serial_park_tiny_pond, makhleb_altar_promises_db, uniq_eustachio
D:7:      basic_altar, serial_shops, shop
D:8:      kennysheep_blocky_hall
D:9:      nicolae_ashenzari_panopticon, serial_shops, shop,
          gammafunk_ghost_necromancy, basic_altar
D:10:     david_orc_4, small_statue_intersection, hangedman_little_slice_of_home
D:11:     minmay_lair_entry_lava, uniq_erica
D:12:     serial_shops, shop, lemuel_another_geyser, uniq_snorg
D:13:     minmay_gold_behind_fungi, billiards_dpeg
D:14:     hangedman_vaults_entry_quadrant_bands, minmay_hedge_maze
D:15:     grunt_enter_depths_snipers, serial_park_tiny_2, fungi_pond_lemuel
Lair:1:   grunt_megastairs_5, serial_bayou_shore_a
Lair:2:   spider_nest_entry_a, lemuel_fruit_tree, uniq_fannar
Lair:3:   swamp_mist_pool, basic_altar, gammafunk_ghost_split,
          serial_bayou_pond_e
Lair:5:   nicolae_slime_entry_slimehenge, grunt_megastairs_4,
          infiniplex_staircase_pool
Lair:6:   gammafunk_lair_ancient_temple
Swamp:1:  evilmike_swamp_ruin_house_2
Swamp:2:  evilmike_swamp_ruin_house_5, swamp_pool2
Swamp:3:  evilmike_swamp_ruin_house_4, uniq_mara
Swamp:4:  swamp_alternative, portal_ice_cave_entry_pillars_1
Spider:1: uniq_josephine
Spider:2: nicolae_spider_nook
Spider:3: hangedman_spider_mandibles, uniq_asterion, uniq_nikola
Spider:4: floodkiller_spider_rune_tomb, spider_trap
Slime:2:  cheibrodos_slime_lost_civilization_3
Slime:4:  nicolae_slime_round_cave, uniq_dissolution
Orc:1:    uniq_maurice
Orc:2:    kennysheep_orc_mage_school, uniq_azrael
Elf:1:    minmay_elf_arrival_summoners, minmay_elf_sorcery, uniq_agnes,
          uniq_roxanne
Elf:2:    serial_shops, shop
Elf:3:    minmay_elf_hall_not_hex, infiniplex_enter_wizlab_water,
          grunt_ministairs_5, minmay_shop_star
Vaults:1: hangedman_vaults_restitches, nicolae_vaults_know_your_exits,
          vaults_dpeg_hooks, ontoclasm_vaults_ring_square,
          hangedman_vaults_snaps, v_rooms_4, vaults_dpeg_diagonal,
          v_alt_pattern_6, dpeg_vaults_monster_box
Vaults:2: v_misc_29, v_pattern_2, ontoclasm_vaults_pinch,
          nicolae_vaults_back_hallway, v_alt_pattern_3,
          hangedman_vaults_capsules, nicolae_vaults_border_crossing,
          ontoclasm_vaults_loading_screen, vaults_room_ringed_pool
Vaults:3: minmay_crypt_entry_necro_gods,
          vaults_standard_mumra_enter_the_diamond, vaults_room_mumra_shop_pool,
          v_rooms_1, grunt_vaults_swirl, v_misc_25, v_misc_32,
          vaults_room_stairs_pillars, v_misc_9, vaults_room_pools,
          uniq_bai_suzhen
Vaults:4: nicolae_vaults_network_star, v_misc_8, hangedman_vaults_maws,
          vaults_room_stairs_pillars, vaults_mumra_minichess_inversion,
          nicolae_vaults_three_branches, v_alt_pattern_1,
          vaults_room_semicircle, nicolae_vaults_specimen_jars, v_misc_30,
          serial_shops, shop, shop, shop, shop
Depths:1: enter_ziggurat_d, hell_entry, hangedman_glass_teeth,
          hangedman_decor_riveting, roderic_serpentine_path,
          serial_bayou_pond_a, hangedman_corner_corridor
Depths:2: minmay_ambush_box, hell_entry, nicolae_two_hexagons,
          minmay_misc_feat_iff, kennysheep_generic_room_8, uniq_aizul
Depths:3: kennysheep_bubble_arena, rand_demon_pan_entry_7, special_room,
          serial_bayou_pond_b, hell_entry, grunt_ministairs_3,
          serial_sigils_hangedman_etch
Depths:4: minmay_the_grid_four_pointed_star_mashed, lightli_too_deep,
          kennysheep_flooded_box, abyss_entry, item_on_display_a
Depths:5: grunt_zot_entry_alcove, pf_vacation_house_of_asmodeus,
          serial_sigils_hangedman_gnaw
Ossuary:  ossuary_tomb_2
IceCv:    ice_cave_caverns_02
WizLab:   wizlab_cigotuvi

Skill      XL: |  1  2  3  4  5  6  7  8  9 10 11 12 13 14 15 16 17 18 19 20 21 22 23 24 25 26 |
---------------+-------------------------------------------------------------------------------+-----
Axes           | 5 6 7 8 10 11 14 18 20 21 22 23 26 27 | 27.0
Fighting       | 3 5 9 10 11 12 14 15 16 17 18 | 18.1
Armour         | 5 8 10 11 12 14 | 14.1
Dodging        | 5 7 8 9 10 11 12 | 12.7
Shields        | 1 5 |  5.1
Invocations    | 8 10 12 14 16 18 19 20 | 20.0
Necromancy     | 5 8 9 11 12 | 12.0
Charms         | 5 8 9 11 12 13 14 | 14.5
Spellcasting   | 4 5 6 8 |  8.0
Air Magic      | 4 7 10 11 12 | 12.6
Translocations | 1 |  1.8
Throwing       | |  1.7

Action                   |  1- 3 |  4- 6 |  7- 9 | 10-12 | 13-15 | 16-18 | 19-21 | 22-24 | 25-27 || total
-------------------------+-------+-------+-------+-------+-------+-------+-------+-------+-------++-------
Melee: War axe           |    83 |   193 |   406 |   667 |  1218 |   685 |   738 |       |       ||  3990
       Unarmed           |       |       |       |       |    37 |       |       |       |       ||    37
       Executioner's axe |       |       |       |       |       |       |   493 |  1040 |   866 ||  2399
 Cast: Song of Slaying   |       |       |       |       |    19 |    12 |    57 |    47 |    42 ||   177
       Regeneration      |       |       |       |       |     3 |     6 |    29 |    20 |    32 ||    90
Invok: Lesser Servant of |       |       |       |     2 |    22 |     9 |     1 |     1 |       ||    35
       Minor Destruction |       |       |       |       |    14 |     7 |    17 |       |       ||    38
       Greater Servant o |       |       |       |       |       |    11 |     4 |     5 |     5 ||    25
       Major Destruction |       |       |       |       |       |     3 |       |       |     5 ||     8
Evoke: Wand              |       |       |       |     6 |     2 |       |       |       |     8 ||    16
  Use: Potion            |       |     4 |     1 |       |     5 |     7 |     1 |     3 |     2 ||    23
       Scroll            |       |     5 |    11 |    16 |    17 |     6 |     9 |     6 |    12 ||    82
 Stab: Distracted        |       |       |       |     1 |     3 |     3 |     1 |     4 |     2 ||    14
       Confused          |       |       |       |       |     3 |       |       |     1 |       ||     4
  Eat: Chunk             |     1 |     9 |     9 |    22 |    31 |     7 |    10 |    12 |     3 ||   104
       Ration            |       |       |       |     1 |       |     3 |     6 |     3 |     8 ||    21
Armor: Leather armour    |    29 |    26 |       |       |       |       |       |       |       ||    55
       Skin              |       |     2 |       |       |     8 |       |       |       |       ||    10
       Ring mail         |       |    20 |     1 |       |       |       |       |       |       ||    21
       Chain mail        |       |       |   212 |   157 |       |       |       |       |       ||   369
       Plate armour      |       |       |       |   136 |   730 |   618 |  1102 |   755 |   491 ||  3832
Dodge: Dodged            |    67 |    97 |    72 |   157 |   424 |   415 |   834 |   588 |   408 ||  3062
Block: Shield            |       |    50 |   123 |   279 |   287 |       |       |       |       ||   739
       Buckler           |       |       |       |       |    97 |   151 |   206 |       |       ||   454

Table legend:
 A = Spawn XP
 B = Non-spawn XP
 C = Spawn XP percentage of total XP
 D = Spawn monster count
 E = Non-spawn monster count
 F = Spawn count percentage of total count
 G = Total turns spent on level
                    A         B        C        D         E        F      G
               +---------+---------+-------+---------+---------+-------+---------
         Total |       0 | 1087391 |   0.0 |       0 |    2216 |   0.0 | 45606
               +---------+---------+-------+---------+---------+-------+---------
           D:1 |       0 |      31 |   0.0 |       0 |      18 |   0.0 |   735
           D:2 |       0 |      76 |   0.0 |       0 |      19 |   0.0 |   870
           D:3 |       0 |     124 |   0.0 |       0 |      26 |   0.0 |  1452
           D:4 |       0 |     275 |   0.0 |       0 |      11 |   0.0 |   680
           D:5 |       0 |     323 |   0.0 |       0 |      15 |   0.0 |   648
           D:6 |       0 |    1214 |   0.0 |       0 |      35 |   0.0 |   680
           D:7 |       0 |    1129 |   0.0 |       0 |      21 |   0.0 |   981
           D:8 |       0 |    1555 |   0.0 |       0 |      25 |   0.0 |   630
           D:9 |       0 |    5394 |   0.0 |       0 |      39 |   0.0 |   770
          D:10 |       0 |    2652 |   0.0 |       0 |      43 |   0.0 |  1250
          D:11 |       0 |    1934 |   0.0 |       0 |       9 |   0.0 |  1084
          D:12 |       0 |    6498 |   0.0 |       0 |      54 |   0.0 |   720
          D:13 |       0 |    8120 |   0.0 |       0 |      48 |   0.0 |   907
          D:14 |       0 |   13503 |   0.0 |       0 |      34 |   0.0 |   964
          D:15 |       0 |    9224 |   0.0 |       0 |      27 |   0.0 |   729
        Lair:1 |       0 |    3943 |   0.0 |       0 |      22 |   0.0 |  1159
        Lair:2 |       0 |    3697 |   0.0 |       0 |      12 |   0.0 |  1068
        Lair:3 |       0 |    3629 |   0.0 |       0 |      17 |   0.0 |   894
        Lair:4 |       0 |    4631 |   0.0 |       0 |      30 |   0.0 |   820
        Lair:5 |       0 |    6055 |   0.0 |       0 |      29 |   0.0 |   906
        Lair:6 |       0 |   19788 |   0.0 |       0 |      59 |   0.0 |  1512
       Swamp:1 |       0 |   16178 |   0.0 |       0 |      43 |   0.0 |   833
       Swamp:2 |       0 |   10907 |   0.0 |       0 |      35 |   0.0 |   787
       Swamp:3 |       0 |   22279 |   0.0 |       0 |      41 |   0.0 |  1467
       Swamp:4 |       0 |   30334 |   0.0 |       0 |      49 |   0.0 |  1062
      Spider:1 |       0 |   17452 |   0.0 |       0 |      49 |   0.0 |   790
      Spider:2 |       0 |   11011 |   0.0 |       0 |      28 |   0.0 |   609
      Spider:3 |       0 |   22176 |   0.0 |       0 |      52 |   0.0 |  1449
      Spider:4 |       0 |   49935 |   0.0 |       0 |     111 |   0.0 |  1336
       Slime:1 |       0 |     817 |   0.0 |       0 |       3 |   0.0 |    15
       Slime:2 |       0 |    3315 |   0.0 |       0 |       3 |   0.0 |    25
       Slime:3 |       0 |    3148 |   0.0 |       0 |       6 |   0.0 |    20
       Slime:4 |       0 |    6184 |   0.0 |       0 |      11 |   0.0 |    42
       Slime:5 |       0 |   14134 |   0.0 |       0 |      11 |   0.0 |   133
         Orc:1 |       0 |    7327 |   0.0 |       0 |      41 |   0.0 |   868
         Orc:2 |       0 |   12322 |   0.0 |       0 |      83 |   0.0 |  1437
         Elf:1 |       0 |   25525 |   0.0 |       0 |      40 |   0.0 |   783
         Elf:2 |       0 |   46989 |   0.0 |       0 |      73 |   0.0 |  1146
         Elf:3 |       0 |   44813 |   0.0 |       0 |      55 |   0.0 |  1357
      Vaults:1 |       0 |   79072 |   0.0 |       0 |     117 |   0.0 |  1291
      Vaults:2 |       0 |   62684 |   0.0 |       0 |     103 |   0.0 |  1456
      Vaults:3 |       0 |   44073 |   0.0 |       0 |      65 |   0.0 |  1192
      Vaults:4 |       0 |   70747 |   0.0 |       0 |      93 |   0.0 |   963
      Depths:1 |       0 |   37439 |   0.0 |       0 |      47 |   0.0 |  1420
      Depths:2 |       0 |   71645 |   0.0 |       0 |      69 |   0.0 |  1026
      Depths:3 |       0 |  102071 |   0.0 |       0 |     110 |   0.0 |  1165
      Depths:4 |       0 |   69873 |   0.0 |       0 |      70 |   0.0 |   976
      Depths:5 |       0 |   64213 |   0.0 |       0 |      46 |   0.0 |   686
       Ossuary |       0 |     505 |   0.0 |       0 |      29 |   0.0 |   203
         IceCv |       0 |    8366 |   0.0 |       0 |      59 |   0.0 |   753
        WizLab |       0 |   38062 |   0.0 |       0 |      81 |   0.0 |   857
               +---------+---------+-------+---------+---------+-------+---------

Vault maps used:
D:1:      dpeg_arrival_stone_temple_mockup
D:2:      chequers_temple_overflow_minitemple, minmay_tromino_v2
D:3:      nrook_loot_triangle
D:4:      first_ration, corexii_corridor_pit, uniq_edmund
D:6:      minmay_temple_entry_grid, nicolae_ossuary_entry_giza,
          serial_park_tiny_pond, makhleb_altar_promises_db, uniq_eustachio
D:7:      basic_altar, serial_shops, shop
D:8:      kennysheep_blocky_hall
D:9:      nicolae_ashenzari_panopticon, serial_shops, shop,
          gammafunk_ghost_necromancy, basic_altar
D:10:     david_orc_4, small_statue_intersection, hangedman_little_slice_of_home
D:11:     minmay_lair_entry_lava, uniq_erica
D:12:     serial_shops, shop, lemuel_another_geyser, uniq_snorg
D:13:     minmay_gold_behind_fungi, billiards_dpeg
D:14:     hangedman_vaults_entry_quadrant_bands, minmay_hedge_maze
D:15:     grunt_enter_depths_snipers, serial_park_tiny_2, fungi_pond_lemuel
Lair:1:   grunt_megastairs_5, serial_bayou_shore_a
Lair:2:   spider_nest_entry_a, lemuel_fruit_tree, uniq_fannar
Lair:3:   swamp_mist_pool, basic_altar, gammafunk_ghost_split,
          serial_bayou_pond_e
Lair:5:   nicolae_slime_entry_slimehenge, grunt_megastairs_4,
          infiniplex_staircase_pool
Lair:6:   gammafunk_lair_ancient_temple
Swamp:1:  evilmike_swamp_ruin_house_2
Swamp:2:  evilmike_swamp_ruin_house_5, swamp_pool2
Swamp:3:  evilmike_swamp_ruin_house_4, uniq_mara
Swamp:4:  swamp_alternative, portal_ice_cave_entry_pillars_1
Spider:1: uniq_josephine
Spider:2: nicolae_spider_nook
Spider:3: hangedman_spider_mandibles, uniq_asterion, uniq_nikola
Spider:4: floodkiller_spider_rune_tomb, spider_trap
Slime:2:  cheibrodos_slime_lost_civilization_3
Slime:4:  nicolae_slime_round_cave, uniq_dissolution
Orc:1:    uniq_maurice
Orc:2:    kennysheep_orc_mage_school, uniq_azrael
Elf:1:    minmay_elf_arrival_summoners, minmay_elf_sorcery, uniq_agnes,
          uniq_roxanne
Elf:2:    serial_shops, shop
Elf:3:    minmay_elf_hall_not_hex, infiniplex_enter_wizlab_water,
          grunt_ministairs_5, minmay_shop_star
Vaults:1: hangedman_vaults_restitches, nicolae_vaults_know_your_exits,
          vaults_dpeg_hooks, ontoclasm_vaults_ring_square,
          hangedman_vaults_snaps, v_rooms_4, vaults_dpeg_diagonal,
          v_alt_pattern_6, dpeg_vaults_monster_box
Vaults:2: v_misc_29, v_pattern_2, ontoclasm_vaults_pinch,
          nicolae_vaults_back_hallway, v_alt_pattern_3,
          hangedman_vaults_capsules, nicolae_vaults_border_crossing,
          ontoclasm_vaults_loading_screen, vaults_room_ringed_pool
Vaults:3: minmay_crypt_entry_necro_gods,
          vaults_standard_mumra_enter_the_diamond, vaults_room_mumra_shop_pool,
          v_rooms_1, grunt_vaults_swirl, v_misc_25, v_misc_32,
          vaults_room_stairs_pillars, v_misc_9, vaults_room_pools,
          uniq_bai_suzhen
Vaults:4: nicolae_vaults_network_star, v_misc_8, hangedman_vaults_maws,
          vaults_room_stairs_pillars, vaults_mumra_minichess_inversion,
          nicolae_vaults_three_branches, v_alt_pattern_1,
          vaults_room_semicircle, nicolae_vaults_specimen_jars, v_misc_30,
          serial_shops, shop, shop, shop, shop
Depths:1: enter_ziggurat_d, hell_entry, hangedman_glass_teeth,
          hangedman_decor_riveting, roderic_serpentine_path,
          serial_bayou_pond_a, hangedman_corner_corridor
Depths:2: minmay_ambush_box, hell_entry, nicolae_two_hexagons,
          minmay_misc_feat_iff, kennysheep_generic_room_8, uniq_aizul
Depths:3: kennysheep_bubble_arena, rand_demon_pan_entry_7, special_room,
          serial_bayou_pond_b, hell_entry, grunt_ministairs_3,
          serial_sigils_hangedman_etch
Depths:4: minmay_the_grid_four_pointed_star_mashed, lightli_too_deep,
          kennysheep_flooded_box, abyss_entry, item_on_display_a
Depths:5: grunt_zot_entry_alcove, pf_vacation_house_of_asmodeus,
          serial_sigils_hangedman_gnaw
Ossuary:  ossuary_tomb_2
IceCv:    ice_cave_caverns_02
WizLab:   wizlab_cigotuvi

Table legend:
 A = Turns spent in this place as a percentage of turns spent in the entire game.
 B = Non-inter-level travel turns spent in this place as a percentage of non-inter-level travel turns spent in the entire game.
 C = Inter-level travel turns spent in this place as a percentage of turns spent in this place.
 D = Turns resting spent in this place as a percentage of non-inter-level travel turns spent in this place.
 E = Turns spent auto-exploring this place as a percentage of non-inter-level travel turns spent in this place.
 F = Non-inter-level travel turns spent in this place divided by the number of levels of this place that you've seen.
                   A       B       C       D       E      F
               +-------+-------+-------+-------+-------+----------------------
         Total | 100.0 | 100.0 |   6.4 |   2.0 |  68.7 | 837.1
       Dungeon |  28.7 |  27.6 |  10.1 |   1.4 |  77.2 | 785.0
          Lair |  13.9 |  13.7 |   8.1 |   0.0 |  77.6 | 974.2
         Swamp |   9.1 |   9.2 |   5.1 |  11.2 |  58.5 | 984.0
   Spider Nest |   9.2 |   9.4 |   4.1 |   2.6 |  64.4 | 1003.2
    Slime Pits |   0.5 |   0.4 |  18.7 |   4.2 |   1.6 |  38.2
  Orcish Mines |   5.1 |   5.1 |   5.3 |   4.2 |  65.0 | 1091.5
   Elven Halls |   7.2 |   7.3 |   5.1 |   0.0 |  63.5 | 1039.0
        Vaults |  10.7 |  11.2 |   2.4 |   1.3 |  67.4 | 1195.8
        Depths |  11.6 |  11.8 |   4.5 |   0.0 |  67.7 | 1007.4
       Ossuary |   0.4 |   0.5 |   0.0 |   0.0 |  28.1 | 203.0
      Ice Cave |   1.7 |   1.8 |   0.0 |   0.0 |  53.5 | 753.0
        Wizlab |   1.9 |   2.0 |   0.0 |   0.0 |  38.3 | 857.0
               +-------+-------+-------+-------+-------+----------------------

Table legend:
 A = Kills in this place as a percentage of kills in entire the game.
 B = Kills by you in this place as a percentage of kills by you in the entire game.
 C = Kills by friends in this place as a percentage of kills by friends in the entire game.
 D = Other kills in this place as a percentage of other kills in the entire game.
 E = Experience gained in this place as a percentage of experience gained in the entire game.
 F = Experience gained in this place divided by the number of levels of this place that you have seen.
                   A       B       C       D       E      F
               +-------+-------+-------+-------+-------+----------------------
         Total | 100.0 | 100.0 | 100.0 | 100.0 | 100.0 | 21321.4
       Dungeon |  19.1 |  19.4 |  12.1 |   0.0 |   4.8 | 3470.1
          Lair |   7.6 |   7.5 |  12.1 |  10.0 |   3.8 | 6957.2
         Swamp |   7.6 |   6.9 |  32.8 |  10.0 |   7.3 | 19924.5
   Spider Nest |  10.8 |  11.0 |   5.2 |   0.0 |   9.2 | 25143.5
    Slime Pits |   1.5 |   1.5 |   1.7 |   0.0 |   2.5 | 5519.6
  Orcish Mines |   5.6 |   5.6 |   0.0 |  30.0 |   1.8 | 9824.5
   Elven Halls |   7.6 |   7.3 |  15.5 |  20.0 |  10.8 | 39109.0
        Vaults |  17.1 |  17.5 |   1.7 |  20.0 |  23.6 | 64144.0
        Depths |  15.4 |  15.4 |  19.0 |  10.0 |  31.7 | 69048.2
       Ossuary |   1.3 |   1.4 |   0.0 |   0.0 |   0.0 | 505.0
      Ice Cave |   2.7 |   2.7 |   0.0 |   0.0 |   0.8 | 8366.0
        Wizlab |   3.7 |   3.8 |   0.0 |   0.0 |   3.5 | 38062.0
               +-------+-------+-------+-------+-------+----------------------
